 Dungeon Crawl Stone Soup version 0.19.0 (webtiles) character file.

20678 bombasticus the Protected (level 12, -6/110 HPs)
             Began as a Minotaur Berserker on Nov 9, 2016.
             Was a High Priest of Trog.
             Mangled by a manticore (9 damage)
             ... on level 15 of the Dungeon.
             The game lasted 00:48:11 (9832 turns).

bombasticus the Protected (Minotaur Berserker)      Turns: 9832, Time: 00:48:11

Health: -6/110     AC: 18    Str: 27    XL:     12   Next: 47%
Magic:  11/11      EV:  9    Int:  4    God:    Trog [*****.]
Gold:   756        SH: 11    Dex: 10    Spells: 0 memorised, 11 levels left

rFire  . . .     SeeInvis .     Y - +3 flail (curse)
rCold  + + .     Gourm    .     r - +0 plate armour
rNeg   + . .     Faith    .     Q - +0 shield
rPois  .         Spirit   .     (helmet unavailable)
rElec  .         Reflect  .     J - +0 cloak
rCorr  .         Harm     .     (no gloves)
MR     .....                    w - +0 pair of boots
Stlth  ..........               C - amulet of regeneration
                                S - ring of positive energy
                                y - ring of flight

@: lethally poisoned (-6 -> -45), exhausted, barbed spikes, slowed, very slow
A: retaliatory headbutt, horns 3, cold resistance 2, no device heal 1
a: Berserk, Trog's Hand, Brothers in Arms, Burn Spellbooks, Renounce Religion,
Evoke Flight


You were on level 15 of the Dungeon.
You worshipped Trog.
Trog was extremely pleased with you.
You were very hungry.

You visited 1 branch of the dungeon, and saw 15 of its levels.

You collected 756 gold pieces.

Inventory:

Hand Weapons
 s - a +3 battleaxe of electrocution
 H - a +5 halberd
 M - a +4 whip
 N - a +0 quarterstaff of freezing
 U - a +4 war axe of freezing
 V - a +6 dire flail of draining
 X - a +3 battleaxe
 Y - a cursed +3 flail (weapon)
Armour
 r - a +0 plate armour (worn)
 w - a +0 pair of boots (worn)
 J - a +0 cloak (worn)
 Q - a +0 shield (worn)
Jewellery
 l - an uncursed ring of poison resistance
 y - a ring of flight (left hand)
 B - an uncursed ring of ice
 C - an amulet of regeneration (around neck)
 S - a ring of positive energy (right hand)
Wands
 j - a wand of confusion (37/48)
Scrolls
 f - a scroll of amnesia {unknown}
 k - 5 scrolls of enchant armour
 n - 10 scrolls of teleportation
 q - 9 scrolls of remove curse
 z - 2 scrolls of fog
 D - a scroll of blinking {unknown}
 G - 4 scrolls of enchant weapon
 I - a scroll of magic mapping
 O - a scroll of silence {unknown}
 P - a scroll of acquirement {unknown}
 T - a scroll of torment {unknown}
 W - a scroll of fear {unknown}
Potions
 a - a potion of might {unknown}
 b - 6 potions of lignification
 e - 2 potions of resistance
 h - 6 potions of curing
 m - a potion of flight {unknown}
 o - 2 potions of agility
 p - a potion of haste {unknown}
 v - 2 potions of berserk rage {unknown}
 x - 2 potions of beneficial mutation {unknown}
 A - a potion of mutation {unknown}
 F - 2 potions of magic {unknown}
 L - a potion of ambrosia {unknown}
 R - a potion of cure mutation {unknown}
 Z - a potion of cancellation {unknown}
Comestibles
 c - 13 bread rations
 d - 9 meat rations
 g - 4 slices of pizza
 i - 4 chunks of flesh
 t - a royal jelly
 u - 3 beef jerkies


   Skills:
 + Level 11.4 Fighting
   Level 1.6(6.0) Short Blades
   Level 10.0(10.1) Long Blades
 + Level 12.4 Axes
 + Level 12.5 Armour
 + Level 6.2 Dodging
 + Level 1.0 Stealth
 + Level 7.2 Shields


You had 11 spell levels left.
You didn't know any spells.

Dungeon Overview and Level Annotations

Branches:
Dungeon (15/15)            Temple (0/1) D:7            Lair (0/6) D:9
    Orc: D:9-12      Vaults: D:13-14     Depths: D:15

Altars:
Cheibriados
Gozag
Kikubaaqudgha
Ru
Sif Muna
Trog
Uskayaw
Xom

Annotations:
D:12 Rupert
D:13 Azrael


Innate Abilities, Weirdness & Mutations

You reflexively headbutt those who attack you in melee.
You have a pair of large horns on your head.
Your flesh is very cold resistant. (rC++)
Potions and wands are less effective at restoring your health.


Message History

You are no longer berserk.
You are exhausted.
You feel yourself slow down.
* * * LOW HITPOINT WARNING * * *
You feel very sick.
Your system partially rejects the healing.
You feel much better.
* * * LOW HITPOINT WARNING * * *
You feel extremely sick.
The emperor scorpion stings you but does no damage.
You block the emperor scorpion's attack.
The emperor scorpion closely misses you.
The manticore bites you but does no damage.
The manticore claws you but does no damage. x2
You block the emperor scorpion's attack.
The emperor scorpion claws you.
* * * LOW HITPOINT WARNING * * *
You block the emperor scorpion's attack.
The manticore bites you!
You die...

.. #...# #....#
##.+#...# #....#
........# #....#
#......###########....#
#.....)...............#
#..####..^#............
#..#.≈.#.≈..........
#.H#...#............
#@###+###.........
##sD.#............
Y≈.#.≈.[........
...#..........##
###.###.......#
##..#.......#
..#.......# ##.......#
........#


You could see an emperor scorpion, a dire elephant, an eight-headed hydra and a
manticore.

Vanquished Creatures
  Josephine (D:14)
  Fannar (D:11)
  4 centaur warriors
  A hydra (D:15)
  The ghost of CanadianGator the Nimble, a novice MfBe of Trog (D:8)
  A sixfirhy (D:14)
  3 unseen horrors (D:14)
  Pikel (D:4)
  A cyclops (D:9)
  A deep elf mage (D:15)
  An ugly thing (D:14)
  A gargoyle (D:11)
  6 trolls
  A merfolk (D:9)
  A meliai (shapeshifter) (D:14)
  Prince Ribbit (D:7)
  Grinder (D:4)
  A two-headed ogre (D:14)
  5 hippogriffs
  Sigmund (D:2)
  3 wraiths
  2 hungry ghosts
  3 yaks (D:7)
  Edmund (D:6)
  2 ice beasts
  An orc warrior (D:11)
  A slave (D:4)
  3 sky beasts
  2 black bears (D:7)
  4 phantoms
  5 boggarts (D:14)
  2 ogres
  13 centaurs
  A crocodile (D:14)
  3 big kobolds
  Blork the orc (D:6)
  5 bullfrogs
  6 scorpions
  14 killer bees
  14 wights
  A howler monkey (D:7)
  An electric eel (D:10)
  2 bullfrog zombies
  A centaur zombie (D:7)
  2 quasits
  A jelly (D:6)
  An orc priest (D:5)
  2 bullfrog skeletons (D:11)
  4 hounds
  6 centaur skeletons
  An iron imp (D:14)
  Jessica (D:2)
  Natasha (thrice) (D:2)
  2 iguanas
  2 orc wizards
  6 worker ants
  A killer bee zombie (D:8)
  2 worker ant zombies
  10 gnolls
  10 adders
  A shadow imp (D:5)
  An ooze (D:2)
  3 worms
  A dart slug (D:2)
  7 leopard geckos
  16 orcs
  3 ball pythons
  4 bats
  6 giant cockroaches
  7 goblins
  8 hobgoblins
  10 jackals
  5 quokkas
  5 frilled lizards
  A jackal skeleton (D:6)
  31 kobolds
  A quokka skeleton (D:5)
  2 quokka zombies
  6 rats
297 creatures vanquished.

Vanquished Creatures (others)
  A slave (D:4)
  A hound (D:4)
  An orc wizard (D:11)
  An adder (D:4)
4 creatures vanquished.

Grand Total: 301 creatures vanquished

Notes
Turn   | Place    | Note
-------+----------+-------------------------------------------
     0 | D:1      | bombasticus the Minotaur Berserker began the quest for the Orb.
     0 | D:1      | Reached XP level 1. HP: 19/19 MP: 0/0
     0 | D:1      | Noticed a red draconian
     0 | D:1      | Noticed an iron dragon
     1 | D:1      | Noticed an ice dragon
     6 | D:1      | Noticed a tentacled monstrosity
     7 | D:1      | Noticed an ice dragon
     8 | D:1      | Noticed an ice dragon
    11 | D:1      | Noticed a tentacled monstrosity
    11 | D:1      | Noticed an orb of fire
    13 | D:1      | Noticed a golden dragon
    13 | D:1      | Noticed a shadow dragon
    15 | D:1      | Noticed an iron dragon
    15 | D:1      | Noticed an iron dragon
    17 | D:1      | Noticed an ice dragon
    17 | D:1      | Noticed an iron dragon
    17 | D:1      | Noticed a tentacled monstrosity
   130 | D:1      | Reached XP level 2. HP: 18/27 MP: 1/1
   380 | D:2      | Noticed Sigmund
   401 | D:2      | Killed Sigmund
   401 | D:2      | Reached skill level 5 in Fighting
   401 | D:2      | Reached skill level 5 in Long Blades
   401 | D:2      | Reached XP level 3. HP: 12/36 MP: 2/2
   401 | D:2      | Reached XP level 4. HP: 14/42 MP: 3/3
   401 | D:2      | Reached XP level 5. HP: 16/48 MP: 4/4
   526 | D:2      | Found an opulent altar of Gozag.
   527 | D:2      | Found a hide-covered altar of Uskayaw.
   702 | D:2      | Reached ** piety under Trog
   813 | D:2      | Found a shimmering altar of Xom.
  1135 | D:2      | Noticed Jessica
  1146 | D:2      | Killed Jessica
  1170 | D:2      | Noticed Natasha
  1182 | D:2      | Killed Natasha
  1342 | D:2      | Noticed Natasha
  1345 | D:2      | Killed Natasha
  1345 | D:2      | Reached XP level 6. HP: 57/57 MP: 5/5
  1349 | D:2      | Noticed Natasha
  1356 | D:2      | Killed Natasha
  1776 | D:3      | Found an ancient bone altar of Kikubaaqudgha.
  2295 | D:4      | Noticed a slave
  2296 | D:4      | Noticed Pikel
  2296 | D:4      | Noticed a slave
  2322 | D:4      | Noticed a slave
  2345 | D:4      | Killed a slave
  2391 | D:4      | Killed Pikel
  2391 | D:4      | Reached skill level 5 in Armour
  2391 | D:4      | Reached XP level 7. HP: 45/64 MP: 6/6
  2635 | D:4      | Noticed Grinder
  2636 | D:4      | Paralysed by Grinder for 7 turns
  2674 | D:4      | Killed Grinder
  2674 | D:4      | Reached skill level 1 in Axes
  2674 | D:4      | Reached XP level 8. HP: 34/71 MP: 7/7
  2955 | D:4      | Found a sacrificial altar of Ru.
  3008 | D:4      | Found a snail-covered altar of Cheibriados.
  3177 | D:5      | Entered Level 5 of the Dungeon
  3184 | D:5      | Reached *** piety under Trog
  3556 | D:5      | Found a deep blue altar of Sif Muna.
  3704 | D:6      | Reached skill level 5 in Axes
  3766 | D:6      | Noticed Blork the orc
  3777 | D:6      | Killed Blork the orc
  3777 | D:6      | Reached XP level 9. HP: 61/79 MP: 8/8
  4035 | D:6      | Noticed Edmund
  4047 | D:6      | Killed Edmund
  4405 | D:7      | Found a bloodstained altar of Trog.
  4434 | D:7      | Reached **** piety under Trog
  4530 | D:7      | Found a staircase to the Ecumenical Temple.
  4550 | D:7      | Gained mutation: You have large cloven feet. [mutagenic meat]
  4551 | D:7      | Gained mutation: Potions and wands are less effective at restoring your health. [mutagenic meat]
  4552 | D:7      | Gained mutation: You have hoof-like feet. [mutagenic meat]
  4553 | D:7      | Lost mutation: You have hoof-like feet. [mutagenic meat]
  4554 | D:7      | Gained mutation: Your flesh is cold resistant. (rC+) [mutagenic meat]
  5073 | D:7      | Reached XP level 10. HP: 88/90 MP: 9/9
  5091 | D:7      | Noticed Prince Ribbit
  5157 | D:7      | Killed Prince Ribbit
  5256 | D:8      | Noticed CanadianGator's ghost (novice MfBe)
  5267 | D:8      | Killed CanadianGator's ghost
  5735 | D:8      | Reached skill level 10 in Armour
  6131 | D:9      | Reached ***** piety under Trog
  6464 | D:9      | Noticed a cyclops
  6471 | D:9      | Killed a cyclops
  6595 | D:9      | Found a staircase to the Lair.
  6621 | D:9      | Reached skill level 5 in Dodging
  6665 | D:9      | Found an opulent altar of Gozag.
  6782 | D:9      | Reached skill level 1 in Shields
  6908 | D:10     | Entered Level 10 of the Dungeon
  7325 | D:11     | Received a gift from Trog
  7536 | D:11     | Reached XP level 11. HP: 74/99 MP: 10/10
  7562 | D:11     | Reached skill level 10 in Long Blades
  7566 | D:11     | Reached skill level 10 in Fighting
  7671 | D:11     | Noticed Fannar
  7686 | D:11     | Killed Fannar
  7686 | D:11     | Reached skill level 1 in Short Blades
  8294 | D:12     | Noticed Josephine
  8294 | D:12     | Noticed Rupert
  8346 | D:12     | Reached skill level 10 in Axes
  8379 | D:13     | Noticed Azrael
  8380 | D:13     | Noticed a white ugly thing
  8381 | D:13     | Noticed a green ugly thing
  8390 | D:14     | Killed a white ugly thing
  8394 | D:14     | Killed Josephine
  8409 | D:14     | Killed an unseen horror
  8409 | D:14     | Reached skill level 1 in Stealth
  8409 | D:14     | Reached skill level 5 in Shields
  8416 | D:14     | Lost mutation: You have large cloven feet. [mutagenic meat]
  8417 | D:14     | Gained mutation: You have a pair of large horns on your head. [mutagenic meat]
  8519 | D:14     | Noticed a sixfirhy
  8530 | D:14     | Killed a sixfirhy
  8683 | D:14     | Killed an unseen horror
  8800 | D:14     | Noticed a centaur warrior
  8811 | D:14     | Killed a centaur warrior
  8865 | D:14     | Received a gift from Trog
  9050 | D:14     | Killed an unseen horror
  9050 | D:14     | Reached XP level 12. HP: 100/108 MP: 11/11
  9163 | D:14     | Noticed a centaur warrior
  9172 | D:14     | Killed a centaur warrior
  9277 | D:14     | Gained mutation: Your spells are a little harder to cast, but a little more powerful. [mutagenic meat]
  9278 | D:14     | Gained mutation: Your flesh is very cold resistant. (rC++) [mutagenic meat]
  9279 | D:14     | Lost mutation: Your spells are a little harder to cast, but a little more powerful. [mutagenic meat]
  9357 | D:14     | Noticed a centaur warrior
  9365 | D:14     | Killed a centaur warrior
  9619 | D:15     | Entered Level 15 of the Dungeon
  9619 | D:15     | Noticed a centaur warrior
  9628 | D:15     | Killed a centaur warrior
  9637 | D:15     | Noticed a seven-headed hydra
  9652 | D:15     | Killed an 11-headed hydra
  9815 | D:15     | Noticed an emperor scorpion
  9815 | D:15     | Noticed an eight-headed hydra
  9815 | D:15     | Noticed a dire elephant
  9830 | D:15     | HP: 4/165 [emperor scorpion (13)]
  9831 | D:15     | HP: 1/110 [poisoned by an emperor scorpion]
  9832 | D:15     | Mangled by a manticore

Skill      XL: |  1  2  3  4  5  6  7  8  9 10 11 12 |
---------------+-------------------------------------+-----
Fighting       | 4 5 6 7 8 9 10 11 | 11.4
Long Blades    | 5 7 8 9 10 | 10.0
Armour         | 3 5 6 7 9 10 12 | 12.5
Dodging        | 3 4 5 6 |  6.2
Axes           | 1 5 8 9 11 12 | 12.4
Shields        | 3 6 7 |  7.2
Short Blades   | 1 |  1.6
Stealth        | 1 |  1.0

Action                   |  1- 3 |  4- 6 |  7- 9 | 10-12 || total
-------------------------+-------+-------+-------+-------++-------
Melee: Falchion          |    35 |   173 |    27 |   220 ||   455
       Headbutt          |     9 |    22 |    65 |    88 ||   184
       Battleaxe         |       |       |   253 |       ||   253
       War axe           |       |       |       |   249 ||   249
       Short sword       |       |       |       |     6 ||     6
       Flail             |       |       |       |    15 ||    15
Invok: Berserk           |     1 |     1 |     2 |     9 ||    13
       Burn Spellbooks   |       |       |       |     3 ||     3
  Use: Potion            |       |     2 |       |     1 ||     3
       Scroll            |       |       |     1 |    11 ||    12
  Eat: Chunk             |       |     5 |    19 |    30 ||    54
       Fruit             |       |       |       |     1 ||     1
       Beef jerky        |       |       |       |     1 ||     1
Armor: Animal skin       |     1 |       |       |       ||     1
       Scale mail        |     4 |     8 |       |       ||    12
       Ring mail         |     2 |       |       |       ||     2
       Chain mail        |       |    81 |   200 |   294 ||   575
       Plate armour      |       |       |       |    15 ||    15
Dodge: Dodged            |    18 |    81 |   207 |   187 ||   493
Block: Shield            |       |       |       |   250 ||   250
       Rpst.: Falchion   |     4 |    19 |     4 |    17 ||    44
